 Dungeon Crawl Stone Soup version 0.31-a0-609-g7bf6ffcfed (webtiles) character file.

Game seed: 1850431678118397667

10 subawu the Chopper (level 2, -3/25 HPs)
             Began as a Hill Orc Warper on Aug 21, 2023.
             Slain by a gnoll
             ... wielding a +0 spear
              (7 damage)
             ... on level 1 of the Dungeon.
             The game lasted 00:02:01 (423 turns).

subawu the Chopper (Hill Orc Warper)                 Turns: 423, Time: 00:02:02

Health: -3/25      AC:  5    Str: 13    XL:     2   Next: 20%
Magic:  4/4        EV: 10    Int: 13    God:
Gold:   13         SH:  0    Dex: 10    Spells: 4/4 levels left

rFire   . . .        a - +0 hand axe
rCold   . . .        (no shield)
rNeg    . . .        h - +0 ring mail
rPois   .            (no helmet)
rElec   .            (no cloak)
rCorr   .            (no gloves)
SInv    .            (no boots)
Will    .....        (no amulet) Stlth
                     (no ring)
HPRegen 0.24/turn    (no ring)
MPRegen 0.09/turn

%: no passive effects
@: no status effects
A: no striking features
a: no special abilities


You were on level 1 of the Dungeon.
You visited 1 branch of the dungeon, and saw 1 of its levels.

You collected 13 gold pieces.

Inventory:

Hand Weapons
 a - a +0 hand axe (weapon)
Missiles
 d - 7 darts of dispersal (quivered)
Armour
 b - a +0 leather armour
 h - a +0 ring mail (worn)
Scrolls
 e - a scroll of revelation {unknown}
 g - a scroll of amnesia {unknown}
 i - a scroll of identify {unknown}
 j - a scroll of enchant armour {unknown}
Potions
 f - a potion of might


   Skills:
 + Level 2.5 Fighting
 + Level 3.0 Axes
 + Level 1.0 Throwing
 + Level 1.2 Armour
 + Level 1.6 Dodging
 + Level 1.6 Spellcasting
 + Level 2.5 Translocations


You had 4 spell levels left.
You didn't know any spells.
Your spell library contained the following spells:

 Spells                   Type           Power      Damage    Failure   Level
 Blink                    Tloc           14%        N/A       30%         2
 Lesser Beckoning         Tloc           14%        N/A       30%         2
 Teleport Other           Tloc           7%         N/A       52%         3
 Vhi's Electric Charge    Tloc/Air       8%         N/A       69%         3
 Manifold Assault         Tloc           7%         N/A       89%         4


Dungeon Overview and Level Annotations

Branches:
Dungeon (1/15)

Altars:


Message History

The ball python constricts you.
The ball python bites you but does no damage.
The ball python constricts you.
You barely miss the ball python. Your punch misses the ball python.
The ball python is severely wounded.
The ball python bites you but does no damage.
The ball python constricts you. The endoplasm freezes you.
You are frozen.
You hit the ball python.
You kill the ball python!
You hit the endoplasm. The endoplasm freezes you.
You are frozen.
The gnoll completely misses you.
The endoplasm hits you but does no damage.
The gnoll hits you with a +0 spear.
You see here a ball python corpse.
You barely miss the gnoll. You hit the endoplasm. The endoplasm freezes you.
You are frozen.
The gnoll hits you with a +0 spear.
You hit the gnoll.
The gnoll is lightly wounded.
You hit the endoplasm.
You kill the endoplasm!
The gnoll barely misses you.
Your Axes skill increases to level 3!
You hit the gnoll but do no damage.
The gnoll is lightly wounded.
The gnoll hits you with a +0 spear.
You hit the gnoll but do no damage.
The gnoll is lightly wounded.
The gnoll hits you with a +0 spear.
* * * LOW HITPOINT WARNING * * *
You closely miss the gnoll.
The gnoll is lightly wounded.
The gnoll barely misses you.
You closely miss the gnoll.
The gnoll is lightly wounded.
The gnoll hits you with a +0 spear!
You die...

### #.####
..# #.#
#.#########
#.#
..........#
#.#
#.#######.#
#.# #.# #.#
#.# #.# #.#
#.# #.#
#.######g#
..#
#.......@#
###
#.######.#
### ###


You could see a gnoll.

Vanquished Creatures
  An endoplasm (D:1)
  2 giant cockroaches (D:1)
  A goblin (D:1)
  A hobgoblin (D:1)
  A ball python (D:1)
  2 bats (D:1)
  A rat (D:1)
9 creatures vanquished.

Notes
Turn   | Place    | Note
-------+----------+-------------------------------------------
     0 | D:1      | subawu the Hill Orc Warper began the quest for the Orb.
     0 | D:1      | Reached XP level 1. HP: 18/18 MP: 3/3
    84 | D:1      | Reached skill level 1 in Throwing
   265 | D:1      | Reached XP level 2. HP: 25/25 MP: 4/4
   420 | D:1      | Reached skill level 3 in Axes
   423 | D:1      | Slain by a gnoll

Illustrated notes

Levels and vault maps discovered:
D:1:      giann_wishing_wells, layout_basic, dreamdust_mushroom_princess

Skill      XL: |  1  2 |
---------------+-------+-----
Throwing       | 1 |  1.0
Axes           | 3 |  3.0
Fighting       | |  2.5
Armour         | |  1.2
Dodging        | |  1.6
Spellcasting   | |  1.6
Translocations | |  2.5

Action                     || total
---------------------------++-------
  Melee: Hand axe          ||    39
    Use: Potion            ||     1
         Scroll            ||     1
 Armour: Leather armour    ||     7
         Ring mail         ||    12
  Dodge: Dodged            ||    34

Table legend: (Time is in decaauts)
 A = Elapsed time spent in this place.
 B = Non-inter-level travel time spent in this place.
 C = Inter-level travel time spent in this place.
 D = Time resting spent in this place.
 E = Time spent auto-exploring this place.
 F = Levels seen in this place.
 G = Mean time per level.
                   A        B        C        D        E       F      G
               +--------+--------+--------+--------+--------+-----+--------+
         Total |    428 |    421 |      7 |      0 |      0 |   1 |  428.0 |
       Dungeon |    428 |    421 |      7 |      0 |      0 |   1 |  428.0 |
               +--------+--------+--------+--------+--------+-----+--------+

Top non-repeatable levels by time:
     D:1: 428 daAuts
